 Dungeon Crawl Stone Soup version 0.29-a0-581-ge9a90b782e (webtiles) character file.

Game seed: 7418819815485037526

45983 CrazyBamboolord the Eclecticist (level 14, 0/100 HPs)
             Began as a Mummy Necromancer on June 4, 2022.
             Was a High Priest of Kikubaaqudgha.
             Slain by an eight-headed hydra (13 damage)
             ... on level 6 of the Lair of Beasts on June 14, 2022.
             The game lasted 01:48:02 (23083 turns).

CrazyBamboolord the Eclecticist (MuNe)             Turns: 23083, Time: 01:48:02

Health: 0/100      AC: 13    Str: 14    XL:     14   Next: 3%
Magic:  3/35       EV: 15    Int: 19    God:    Kikubaaqudgha [*****.]
Gold:   1092       SH:  0    Dex: 13    Spells: 8/48 levels left

rFire   . . .      SeeInvis .   y - +3 spear (freeze)
rCold   + + .      Faith    .   (no shield)
rNeg    + + +      Spirit   .   L - +1 robe {rC+ rF+}
rPois   ∞          Reflect  .   d - +1 helmet
rElec   .          Harm     .   m - +0 cloak
rCorr   .          Rampage  .   p - +0 pair of gloves
Will    +....                   H - +1 pair of boots
Stlth   ++........              c - amulet of the Dropbear {RegenMP Slay+2}
HPRegen 0.26/turn               h - +4 ring of protection
MPRegen 0.64/turn               w - ring "Cemegh" {Wiz rPois Str+3}

@: animating dead
A: cold resistance 1, negative energy resistance 3, torment resistance 2, heat
vulnerability 1, in touch with death 2, no potions
a: Renounce Religion, Unearth Wretches, Torment


You were on level 6 of the Lair of Beasts.
You worshipped Kikubaaqudgha.
Kikubaaqudgha was extremely pleased with you.
You visited 4 branches of the dungeon, and saw 20 of its levels.
You also visited: Bailey.

You collected 1092 gold pieces.

Inventory:

Hand Weapons
 n - a +2 mace of protection
 y - a +3 spear of freezing (weapon)
Armour
 a - a +3 plate armour of willpower
 b - a scarf of invisibility
 d - a +1 helmet (worn)
 g - an orb of energy
 j - a +4 chain mail of fire resistance
 m - a +0 cloak (worn)
 p - a +0 pair of gloves (worn)
 q - a +2 tower shield of reflection
 s - +0 steam dragon scales
 H - a +1 pair of boots (worn)
 K - the +1 robe "Cuelaheg" {rCorr Int+3}
   (You found it on level 2 of the Lair of Beasts)

   Int:       It affects your intelligence (+3).
   rCorr:     It protects you from acid and corrosion.
 L - a +1 robe of resistance (worn)
Jewellery
 c - the amulet of the Dropbear (around neck) {RegenMP Slay+2}
   (You found it on level 3 of the Dungeon)

   [amulet of magic regeneration]

   It increases your rate of magic regeneration.
   Slay:      It affects your accuracy & damage with ranged weapons and melee
   (+2).
 e - a +6 ring of dexterity
 f - a +6 ring of strength
 h - a +4 ring of protection (left hand)
 k - a ring of protection from cold
 o - a ring of ice
 w - the ring "Cemegh" (right hand) {Wiz rPois Str+3}
   (You found it on level 8 of the Dungeon)

   [ring of wizardry]

   It improves your spell success rate.
   Str:       It affects your strength (+3).
   rPois:     It protects you from poison.
 x - a +6 ring of dexterity
 D - an amulet of the acrobat
 I - a ring of willpower
Wands
 r - a wand of iceblast (13)
 t - a wand of digging (3)
 u - a wand of mindburst (21)
 v - a wand of paralysis (5)
 A - a wand of polymorph (9)
 E - a wand of flame (24)
 G - a wand of acid (11)
Scrolls
 i - 2 scrolls of amnesia
 l - 2 scrolls of vulnerability
 z - a scroll of magic mapping
 B - 7 scrolls of teleportation
 C - a scroll of poison
 F - a scroll of fog
 M - a scroll of enchant weapon
 N - 2 scrolls of identify


   Skills:
 * Level 6.0 Fighting
 * Level 8.1 Dodging
 + Level 3.5 Stealth
 + Level 17.6 Spellcasting
 * Level 9.0 Hexes
 + Level 13.3 Necromancy


You had 8 spell levels left.
You knew the following spells:

 Your Spells              Type           Power      Damage    Failure   Level
a - Necrotize             Necr           100%       1d9       0%          1
b - Slow                  Hex            100%       N/A       1%          1
c - Vampiric Draining     Necr           100%       2d13      1%          3
d - Animate Dead          Necr           100%       N/A       1%          4
e - Agony                 Necr           100%       N/A       1%          5
f - Confusing Touch       Hex            50%        N/A       1%          3
g - Anguish               Hex/Necr       46%        N/A       1%          4
h - Death Channel         Necr           50%        N/A       1%          6
i - Corpse Rot            Necr/Pois/Air  66%        N/A       2%          4
j - Metabolic Englaciati  Hex/Ice        16%        N/A       6%          5
k - Dispel Undead         Necr           100%       3d31      1%          4

Your spell library contained the following spells:

 Spells                   Type           Power      Damage    Failure   Level
 Foxfire                  Conj/Fire      64%        2x1d7     1%          1
 Magic Dart               Conj           64%        1d6       1%          1
 Shock                    Conj/Air       64%        1d7       1%          1
 Call Imp                 Summ           16%        N/A       1%          2
 Scorch                   Fire           32%        2d7       1%          2
 Inner Flame              Hex/Fire       33%        N/A       1%          3
 Portal Projectile        Hex/Tloc       66%        N/A       1%          3
 Tukima's Dance           Hex            50%        N/A       1%          3
 Conjure Flame            Conj/Fire      16%        6-21      4%          3
 Frozen Ramparts          Ice            32%        1d5       4%          3
 Mephitic Cloud           Conj/Pois/Air  16%        N/A       4%          3
 Stone Arrow              Conj/Erth      32%        3d9       4%          3
 Swiftness                Air            16%        N/A       4%          3
 Silence                  Hex/Air        16%        N/A       6%          5
 Airstrike                Air            8%         N/A       13%         4
 Animate Armour           Summ/Erth      32%        N/A       13%         4
 Flame Wave               Conj/Fire      16%        2d6       13%         4
 Passage of Golubria      Tloc           16%        N/A       13%         4
 Petrify                  Tmut/Erth      16%        N/A       13%         4
 Summon Ice Beast         Ice/Summ       16%        N/A       13%         4
 Simulacrum               Ice/Necr       38%        N/A       13%         6
 Summon Cactus Giant      Summ           8%         N/A       87%         6
 Lehudib's Crystal Spear  Conj/Erth      8%         10d3      100%        8
 Ice Form                 Ice/Tmut       Unusable   N/A       N/A         4
 Blade Hands              Tmut           Unusable   N/A       N/A         5
 Statue Form              Tmut/Erth      Unusable   N/A       N/A         6

Dungeon Overview and Level Annotations

Branches:
Dungeon (12/15)            Temple (1/1) D:5            Lair (6/6) D:8
  Swamp (0/4) Lair:4        Snake (0/4) Lair:2          Orc (1/2) D:12
 Bailey (visited)
  Slime: Lair:5-6

Altars:
Ashenzari
Cheibriados
Dithmenos
Elyvilon
Fedhas
Gozag
Hepliaklqana
Kikubaaqudgha
Makhleb
Nemelex Xobeh
Okawaru
Qazlal
Ru
Sif Muna
Trog
Uskayaw
Vehumet
Wu Jian
Xom
Yredelemnul
Zin
The Shining One
Beogh

Shops:
D:3 (   D:4 (

Portals:
Trove: D:11 (give 6 scrolls of blinking)

Annotations:
D:6 exclusion: 2 doors
D:8 exclusion: 2 doors
D:12 2 runed translucent doors, ohados's ghost, journeyman PaBe


Innate Abilities, Weirdness & Mutations

You are immune to poison.
Your flesh is cold resistant. (rC+)
You are immune to negative energy. (rN+++)
You are immune to unholy pain and torment.
You are vulnerable to heat. (rF-)
You are strongly in touch with the powers of death.
You do not drink.


Message History

Your wyvern zombie completely misses the komodo dragon.
Your wyvern zombie barely misses the komodo dragon.
Your rime drake zombie bites the eight-headed hydra.
Casting: Anguish (safe; 1% risk of failure)
Confirm with . or Enter, or press ? or * to list all spells.
Casting: Anguish (safe; 1% risk of failure)
Press: ? - help, Dir - look around, f - activate You feel a strong surge of power!
The four-headed hydra is haunted by guilt!
The eight-headed hydra is haunted by guilt!
Your wyvern zombie bites the komodo dragon!
Your wyvern zombie barely misses the komodo dragon.
The eight-headed hydra bites you.
The eight-headed hydra is wracked by anguish.
The eight-headed hydra closely misses you.
The eight-headed hydra barely misses you.
The eight-headed hydra misses you. The eight-headed hydra bites you!
The eight-headed hydra is wracked by anguish!
The eight-headed hydra bites you.
* * * LOW HITPOINT WARNING * * *
The eight-headed hydra is wracked by anguish.
The eight-headed hydra closely misses you.
The eight-headed hydra bites you but does no damage.
Your rime drake zombie bites the eight-headed hydra.
The eight-headed hydra attacks as you move away!
The eight-headed hydra bites you but does no damage.
The eight-headed hydra misses you. The eight-headed hydra bites you.
* * * LOW HITPOINT WARNING * * *
The eight-headed hydra is wracked by anguish.
The eight-headed hydra completely misses you.
The eight-headed hydra bites you but does no damage.
The eight-headed hydra barely misses you.
The eight-headed hydra misses you. The eight-headed hydra bites you!
* * * LOW HITPOINT WARNING * * *
The eight-headed hydra is wracked by anguish!
Your wyvern zombie bites the eight-headed hydra.
The eight-headed hydra barely misses you.
The eight-headed hydra bites you!
You die...
Kikubaaqudgha rasps: "You have failed me!
Welcome... oblivion!"

...P...?♣ #.......♣
##.......♣♣♣
.#PP........♣♣
..D.P........♣♣♣♣♣♣
..................♣
...................
.....Z.l.D.........
.....Z.D@Z.........
.P.......Z#P....P..
PPPP.....#..P..P#..
..P#......#........
#. #......#........
# ##..............
##..........##.
#...#.# ...


You could see 2 eight-headed hydras, a four-headed hydra (anguished), a komodo
dragon (ally target, anguished), a friendly eight-headed hydra zombie, 2
friendly wyvern zombies and a friendly rime drake zombie.

Vanquished Creatures
  The ghost of Turbonekonecno the Unseen, an adept SpEn of Fedhas (Lair:2)
  2 hydras
  3 two-headed ogres (D:11)
  2 catoblepae
  2 centaur warriors
  An orc knight (Bailey)
  6 cyclopes
  A manticore (D:10)
  6 elephants
  4 black mambas
  3 cane toads
  A rime drake (Lair:2)
  A komodo dragon (Lair:3)
  A guardian mummy (D:11)
  5 trolls
  A blink frog (Lair:5)
  2 shadows
  A wraith (D:12)
  2 wyverns
  A basilisk (Lair:5)
  20 yaks
  10 vampire mosquitoes
  2 steam dragons
  An acid dragon (D:12)
  A naga (Lair:2)
  6 water moccasins
  3 sky beasts
  An ice beast (D:8)
  9 orc warriors (Bailey)
  2 black bears
  2 phantoms (D:6)
  2 centaurs
  A kobold brigand (D:11)
  5 bullfrogs
  2 necrophages
  2 wights (D:7)
  4 killer bees
  A howler monkey (D:5)
  2 jellies
  2 gnoll shamans
  7 orc priests
  2 hounds
  An iron imp (D:10)
  4 iguanas
  11 orc wizards
  12 gnolls
  6 adders
  A shadow imp (D:8)
  2 worms
  3 dart slugs
  39 orcs
  3 ball pythons
  5 endoplasms
  3 giant cockroaches
  11 goblins
  7 hobgoblins
  A quokka (D:5)
  6 bats
  6 frilled lizards
  A hobgoblin zombie (D:4)
  12 kobolds
  A kobold skeleton (D:4)
  2 orc zombies
  2 rats
272 creatures vanquished.

Vanquished Creatures (collateral kills)
  Rupert (Lair:5)
  A hydra (Lair:6)
  A will-o-the-wisp (Lair:4)
  A black mamba (Lair:5)
  5 elephants
  2 cane toads (Lair:5)
  Maggie (D:8)
  4 komodo dragons
  5 blink frogs
  A shadow (D:10)
  4 basilisks
  20 yaks
  A naga (Lair:2)
  6 water moccasins
  3 orc warriors
  5 wolves (Lair:5)
  2 bullfrogs
  A crimson imp (D:4)
  An orc priest (D:6)
  A gnoll shaman (D:5)
  2 orc wizards (D:12)
  4 hell rats (Lair:5)
  A dart slug (D:6)
  4 orcs
  A goblin (D:1)
  A bat (D:1)
  A kobold skeleton (D:4)
  A kobold zombie (D:4)
  2 orc skeletons (D:4)
  A rat (D:1)
84 creatures vanquished.

Vanquished Creatures (others)
  2 hydras
  A two-headed ogre (D:10)
  Urug (Lair:3)
  A fire crab (Lair:3)
  A black mamba (Lair:3)
  3 gargoyles
  4 cane toads
  A dancing weapon (D:8)
  A rime drake (Lair:6)
  2 komodo dragons (Lair:1)
  3 hydra zombies
  A hornet (D:10)
  A polar bear (Lair:3)
  A troll (D:10)
  A blink frog (Lair:5)
  A ynoxinul (D:9)
  3 black mamba zombies (Lair:3)
  14 yaks
  3 wyverns
  A basilisk (D:8)
  A steam dragon (Lair:3)
  A naga (Lair:2)
  A cane toad zombie (Lair:3)
  8 elephant zombies
  A blink frog zombie (Lair:6)
  An ogre (D:10)
  A cyclops zombie (D:12)
  A water moccasin zombie (Lair:1)
  2 wights (D:7)
  3 killer bees (D:7)
  A howler monkey (D:10)
  12 yak zombies
  An orc priest (D:12)
  An orc wizard (D:10)
  2 ogre zombies (D:10)
  A howler monkey zombie (D:10)
  A gnoll (D:8)
  An adder (D:10)
  2 adder zombies
  6 orcs
  A bat (D:6)
  A bat zombie (D:6)
  A gnoll zombie (D:6)
  An endoplasm zombie (D:4)
  A kobold (D:11)
  20 orc zombies
  4 foxfires (Lair:4)
  53 fungi
  48 plants
224 creatures vanquished.

Grand Total: 580 creatures vanquished

Notes
Turn   | Place    | Note
-------+----------+-------------------------------------------
     0 | D:1      | CrazyBamboolord the Mummy Necromancer began the quest for
                  | the Orb.
     0 | D:1      | Reached XP level 1. HP: 13/13 MP: 4/4
   396 | D:1      | Reached XP level 2. HP: 18/19 MP: 1/5
   586 | D:1      | Learned a level 1 spell: Slow
   958 | D:2      | Reached skill level 3 in Spellcasting
  1472 | D:2      | Gained mutation: You are in touch with the powers of death.
                  | [Mummy growth]
  1472 | D:2      | Reached XP level 3. HP: 16/24 MP: 0/7
  1595 | D:2      | Found a faded altar of an unknown god.
  2232 | D:2      | Learned a level 3 spell: Vampiric Draining
  2264 | D:3      | Identified the amulet of the Dropbear {RegenMP Slay+2}
  2470 | D:3      | Found Rydofuoh's Weapon Shop.
  2566 | D:3      | Reached XP level 4. HP: 30/30 MP: 7/9
  2689 | D:3      | Reached skill level 4 in Spellcasting
  2710 | D:3      | Learned a level 4 spell: Animate Dead
  2752 | D:4      | Found a hide-covered altar of Uskayaw.
  2752 | D:4      | Noticed a +0 falchion
  2752 | D:4      | Noticed a +0 spear
  2752 | D:4      | Noticed a +0 dagger
  2754 | D:4      | Noticed a +0 short sword
  2755 | D:4      | Noticed a +0 spear
  2755 | D:4      | Noticed a +0 short sword
  2755 | D:4      | Noticed a +0 falchion
  2756 | D:4      | Noticed a +0 dagger
  2867 | D:4      | Reached skill level 5 in Necromancy
  2877 | D:4      | Reached XP level 5. HP: 34/35 MP: 11/11
  3325 | D:4      | Found Beinlar's Antique Weapon Boutique.
  3424 | D:4      | Found a sparkling altar of Nemelex Xobeh.
  3437 | D:4      | Reached XP level 6. HP: 30/41 MP: 9/13
  3583 | D:5      | Entered Level 5 of the Dungeon
  3600 | D:5      | Reached skill level 1 in Hexes
  3602 | D:5      | Reached skill level 5 in Spellcasting
  3691 | D:5      | Noticed a water moccasin
  3691 | D:5      | Noticed a water moccasin
  3696 | D:5      | Killed a water moccasin
  3702 | D:5      | Killed a water moccasin
  3703 | D:5      | Reached XP level 7. HP: 25/46 MP: 7/15
  3873 | D:5      | Reached skill level 6 in Spellcasting
  4094 | D:5      | Found a staircase to the Ecumenical Temple.
  4108 | Temple   | Entered the Ecumenical Temple
  4332 | Temple   | Became a worshipper of Kikubaaqudgha
  4869 | D:5      | Learned a level 5 spell: Agony
  4966 | D:6      | Noticed a steam dragon
  5232 | D:6      | Learned a level 3 spell: Confusing Touch
  5348 | D:6      | Reached skill level 7 in Spellcasting
  5669 | D:6      | Killed a steam dragon
  5670 | D:6      | Reached XP level 8. HP: 51/52 MP: 10/19
  6091 | D:6      | Found a shadowy altar of Dithmenos.
  6173 | D:6      | Reached skill level 8 in Spellcasting
  6192 | D:6      | Reached * piety under Kikubaaqudgha
  6192 | D:6      | Received a gift from Kikubaaqudgha
  7079 | D:5      | Learned a level 4 spell: Anguish
  7595 | D:7      | Reached skill level 9 in Spellcasting
  7738 | D:7      | Reached XP level 9. HP: 45/57 MP: 19/22
  7749 | D:7      | HP: 2/57 [wight/+1 mace of protection (11)]
  8274 | D:7      | Reached skill level 10 in Spellcasting
  8597 | D:8      | Found a flagged portal.
  8657 | Bailey   | Entered a bailey
  8768 | Bailey   | Reached ** piety under Kikubaaqudgha
  8928 | Bailey   | Reached skill level 11 in Spellcasting
  9150 | Bailey   | Noticed an orc knight
  9213 | Bailey   | Killed an orc knight
  9214 | Bailey   | Reached XP level 10. HP: 46/63 MP: 10/25
  9335 | D:8      | Upgraded the game from 0.29-a0-542-g075992c915 to
                  | 0.29-a0-550-g81e455f4c2
  9340 | D:8      | Learned a level 3 spell: Tukima's Dance
  9344 | D:8      | Learned a level 3 spell: Inner Flame
  9447 | D:8      | Found a hazy altar of Hepliaklqana.
  9767 | D:8      | Identified the ring "Cemegh" {Wiz rPois Str+3}
  9816 | D:8      | Noticed Maggie
  9826 | D:8      | Killed Maggie
  9873 | D:8      | Noticed a gargoyle
  9884 | D:8      | Killed a gargoyle
  9938 | D:8      | Noticed a gargoyle
  9941 | D:8      | Killed a gargoyle
  9942 | D:8      | Reached skill level 12 in Spellcasting
  9942 | D:8      | Reached skill level 5 in Hexes
 10191 | D:8      | Found a staircase to the Lair.
 10421 | D:8      | Noticed a cyclops
 10435 | D:8      | Killed a cyclops
 10476 | D:8      | Noticed a centaur warrior
 10500 | D:8      | Killed a centaur warrior
 10532 | D:8      | Noticed a cyclops
 10543 | D:8      | Killed a cyclops
 10544 | D:8      | Reached skill level 5 in Dodging
 10544 | D:8      | Reached skill level 10 in Necromancy
 10724 | Lair:1   | Entered Level 1 of the Lair of Beasts
 10770 | Lair:1   | Reached skill level 13 in Spellcasting
 10794 | Lair:1   | Identified a scroll of acquirement
 10795 | Lair:1   | Acquired a book of Sloth
 10805 | Lair:1   | Learned a level 5 spell: Metabolic Englaciation
 10924 | Lair:1   | You fall into a shaft and drop 1 floor!
 10968 | Lair:2   | Found a staircase to the Snake Pit.
 11123 | Lair:1   | Reached XP level 11. HP: 50/68 MP: 5/28
 12698 | D:9      | Reached *** piety under Kikubaaqudgha
 12698 | D:9      | Received a gift from Kikubaaqudgha
 12849 | D:9      | Reached skill level 14 in Spellcasting
 13302 | D:9      | Found a bloodstained altar of Trog.
 13674 | D:9      | Found a shimmering blue altar of Sif Muna.
 13710 | D:9      | Found an ornate altar of the Wu Jian Council.
 13711 | D:9      | Found an opulent altar of Gozag.
 13854 | D:10     | Entered Level 10 of the Dungeon
 13860 | D:10     | Found a stormy altar of Qazlal.
 13891 | D:10     | Found a snail-covered altar of Cheibriados.
 14000 | D:10     | Found a radiant altar of Vehumet.
 14104 | D:10     | Noticed a five-headed hydra
 14116 | D:10     | Killed a five-headed hydra
 14183 | D:10     | Noticed a centaur warrior
 14248 | D:10     | Noticed a two-headed ogre
 14255 | D:10     | Killed a two-headed ogre
 14519 | D:10     | Killed a centaur warrior
 14877 | D:10     | Learned a level 4 spell: Dispel Undead
 14886 | D:10     | Learned a level 6 spell: Death Channel
 15073 | D:10     | Reached skill level 15 in Spellcasting
 15338 | D:10     | Reached skill level 1 in Fighting
 15671 | D:10     | Upgraded the game from 0.29-a0-550-g81e455f4c2 to
                  | 0.29-a0-553-g81b289dbe5
 15676 | D:10     | Learned a level 4 spell: Corpse Rot
 15842 | D:10     | Reached XP level 12. HP: 46/77 MP: 10/31
 16136 | D:11     | Noticed a two-headed ogre
 16144 | D:11     | Killed a two-headed ogre
 16380 | D:11     | Noticed a two-headed ogre
 16388 | D:11     | Killed a two-headed ogre
 16542 | D:11     | Noticed a two-headed ogre
 16561 | D:11     | Killed a two-headed ogre
 16730 | D:11     | Found a portal to a secret trove of treasure.
 17387 | D:12     | Noticed a six-headed hydra
 17646 | D:12     | Killed a six-headed hydra
 18013 | D:12     | Found a staircase to the Orcish Mines.
 18015 | D:12     | Found a runed translucent door.
 18022 | D:12     | Reached **** piety under Kikubaaqudgha
 18090 | D:12     | Noticed a fire giant
 18091 | D:12     | Noticed a lich
 18091 | D:12     | Noticed a boulder beetle
 18091 | D:12     | a wolf spider changed into a boulder beetle
 18092 | D:12     | Noticed ohados's ghost (journeyman PaBe)
 18093 | D:12     | Noticed a broodmother
 18093 | D:12     | a boulder beetle changed into a broodmother
 18094 | D:12     | Found a runed translucent door.
 18094 | D:12     | a broodmother changed into a tyrant leech
 18095 | D:12     | Noticed a boulder beetle
 18095 | D:12     | a tyrant leech changed into a boulder beetle
 18105 | D:12     | Noticed a great orb of eyes
 18105 | D:12     | a boulder beetle changed into a great orb of eyes
 18179 | D:12     | Noticed an iron giant
 18180 | D:12     | Noticed an acid blob
 18180 | D:12     | an iron giant changed into an acid blob
 18253 | D:12     | Noticed a sphinx
 18260 | D:12     | Noticed an eleionoma
 18260 | D:12     | a sphinx changed into an eleionoma
 18656 | Orc:1    | Entered Level 1 of the Orcish Mines
 18927 | Lair:2   | Found a runed translucent gate.
 18928 | Lair:2   | Found a runed translucent gate.
 18932 | Lair:2   | Found a runed translucent gate.
 18935 | Lair:2   | Noticed Turbonekonecno's ghost (adept SpEn)
 18943 | Lair:2   | Killed Turbonekonecno's ghost
 18944 | Lair:2   | Reached skill level 16 in Spellcasting
 19043 | Lair:2   | Identified the +1 robe "Cuelaheg" {rCorr Int+3}
 19167 | Lair:2   | Noticed a catoblepas
 19185 | Lair:2   | Killed a catoblepas
 20090 | Lair:3   | Noticed Urug
 20100 | Lair:3   | Killed Urug
 20101 | Lair:3   | Gained mutation: You are strongly in touch with the powers
                  | of death. [Mummy growth]
 20101 | Lair:3   | Reached XP level 13. HP: 83/88 MP: 15/33
 20193 | Lair:3   | Reached ***** piety under Kikubaaqudgha
 21371 | Lair:4   | Found a staircase to the Swamp.
 22123 | Lair:5   | Reached skill level 5 in Fighting
 22138 | Lair:5   | Reached skill level 17 in Spellcasting
 22322 | Lair:5   | Upgraded the game from 0.29-a0-553-g81b289dbe5 to
                  | 0.29-a0-581-ge9a90b782e
 22367 | Lair:5   | Noticed Rupert
 22374 | Lair:5   | Killed Rupert
 22985 | Lair:6   | Entered Level 6 of the Lair of Beasts
 23040 | Lair:6   | Reached XP level 14. HP: 28/100 MP: 4/35
 23083 | Lair:6   | Slain by an eight-headed hydra

Illustrated notes

Levels and vault maps discovered:
D:1:      saegor_arrival_simple_d, layout_loops_ring
D:2:      layout_basic, ebering_ecumenical_altar_hall, kennysheep_crisscross
D:3:      layout_rooms, serial_shops, nicolae_shop_bloodbath_and_beyond
D:4:      layout_basic, nicolae_tso_besieged_by_evil, nicolae_uskayaw_en_pointe,
          nicolae_overflow_crystal_walls, serial_shops, nicolae_shop_waterfront,
          minmay_misc_feat_alley
D:5:      layout_loops_ring, minmay_temple_entry_junction_2,
          kennysheep_big_empty_room, kennysheep_generic_room_5
D:6:      layout_gridville, grunt_dithmenos_shadows, nicolae_elevator_lobby_plus
D:7:      layout_basic
D:8:      cheibrodos_statue_roulette, layout_rooms,
          mainiacjoe_overflow_24_doors, lair_entry_dummy, enter_bailey_6,
          minmay_diamond_spiral, uniq_maggie
D:9:      layout_loops_ring, nzn_overflow_gifts_of_might_and_magic, minitemple,
          mainiacjoe_overflow_brackets
D:10:     layout_layer_cave, vehumet_altar_wand_db, slow_altar_1,
          grunt_qazlal_sundering, minmay_mirror_moons_of_madness
D:11:     layout_loops_ring, nicolae_trove_entry_path_of_doom,
          lightli_orcish_oven
D:12:     layout_basic, minmay_orc_entry_temple_small,
          muffindrake_ghost_dual_entry
Temple:   jpeg_temple_island
Lair:1:   layout_cave_pods
Lair:2:   layout_regular_city, guppyfry_snake_entry_island,
          ebering_ghost_rock_garden, portal_ice_cave_entry_ice_simulacra,
          infiniplex_staircase_pool_2
Lair:3:   layout_chaotic_city, st_stairs_10, uniq_urug
Lair:4:   layout_cave_pods, minmay_swamp_entry_wisps, minivault_11
Lair:5:   layout_loops_ring, uniq_rupert
Lair:6:   hellmonk_lair_end_abyssal_woods, layout_regular_city, slime_altar_2,
          serial_bayou_shore_b, serial_bayou_shore_a, grunt_megastairs_4
Orc:1:    layout_caves, uniq_harold

Skill      XL: |  1  2  3  4  5  6  7  8  9 10 11 12 13 14 |
---------------+-------------------------------------------+-----
Spellcasting   | 3 4 5 7 9 11 13 15 16 17 | 17.6
Necromancy     | 5 6 7 9 10 11 12 13 | 13.3
Dodging        | 2 3 4 5 6 7 8 |  8.1
Hexes          | 1 2 3 4 5 6 7 8 9 |  9.0
Stealth        | 2 3 |  3.5
Fighting       | 1 4 6 |  6.0

Action                   |  1- 3 |  4- 6 |  7- 9 | 10-12 | 13-15 || total
-------------------------+-------+-------+-------+-------+-------++-------
Melee: Unarmed           |    10 |    22 |     8 |       |       ||    40
       Long sword        |       |       |    68 |       |       ||    68
       War axe           |       |       |    17 |       |       ||    17
       Mace              |       |       |    19 |    26 |       ||    45
       Spear             |       |       |       |   172 |   112 ||   284
 Cast: Necrotize         |    85 |    80 |   193 |    54 |     6 ||   418
       Slow              |       |     4 |    18 |    45 |     5 ||    72
       Animate Dead      |       |     2 |     7 |     7 |     4 ||    20
       Vampiric Draining |       |     2 |    36 |   105 |    36 ||   179
       Confusing Touch   |       |       |    10 |    28 |     2 ||    40
       Anguish           |       |       |    10 |    87 |    21 ||   118
       Agony             |       |       |     1 |    73 |    26 ||   100
       Tukima's Dance    |       |       |       |    22 |       ||    22
       Death Channel     |       |       |       |     6 |     5 ||    11
       Metabolic Englaci |       |       |       |     2 |     1 ||     3
       Dispel Undead     |       |       |       |    18 |       ||    18
       Corpse Rot        |       |       |       |     3 |     5 ||     8
Invok: Unearth Wretches  |       |       |     2 |     1 |     1 ||     4
       Torment           |       |       |       |       |     1 ||     1
  Use: Scroll            |     5 |     1 |     6 |    14 |     6 ||    32
 Stab: Distracted        |       |     1 |       |       |     2 ||     3
       Confused          |       |       |     2 |     3 |       ||     5
       Sleeping          |       |       |     1 |     4 |     2 ||     7
       Petrified         |       |       |       |       |     1 ||     1
       Paralysed         |       |       |       |       |     1 ||     1
Armor: Robe              |     5 |     9 |    44 |       |    58 ||   116
       Steam dragon scal |       |       |    55 |   216 |     1 ||   272
Dodge: Dodged            |    11 |    29 |   167 |   418 |   124 ||   749

Table legend: (Time is in decaauts)
 A = Elapsed time spent in this place.
 B = Non-inter-level travel time spent in this place.
 C = Inter-level travel time spent in this place.
 D = Time resting spent in this place.
 E = Time spent auto-exploring this place.
 F = Levels seen in this place.
 G = Mean time per level.
                   A        B        C        D        E       F      G
               +--------+--------+--------+--------+--------+-----+--------+
         Total |  23243 |  22025 |   1218 |   5208 |  12279 |  21 | 1106.8 |
       Dungeon |  16083 |  15161 |    922 |   3654 |   8633 |  12 | 1340.2 |
        Temple |    296 |    246 |     50 |      0 |    235 |   1 |  296.0 |
          Lair |   6167 |   5922 |    245 |   1305 |   3411 |   6 | 1027.8 |
  Orcish Mines |      1 |      1 |      0 |      0 |      0 |   1 |    1.0 |
        Bailey |    694 |    694 |      0 |    249 |      0 |   1 |  694.0 |
               +--------+--------+--------+--------+--------+-----+--------+

Top non-repeatable levels by time:
    D:10: 2034 daAuts
     D:6: 1864 daAuts
  Lair:1: 1659 daAuts
     D:5: 1601 daAuts
     D:9: 1526 daAuts
     D:8: 1520 daAuts
    D:11: 1403 daAuts
     D:2: 1324 daAuts
     D:7: 1297 daAuts
    D:12: 1253 daAuts
  Lair:2: 1250 daAuts
  Lair:4: 1166 daAuts
  Lair:3: 1106 daAuts
     D:1: 934 daAuts
  Lair:5: 883 daAuts
